 Dungeon Crawl Stone Soup version 0.26-a0-27-g1f0226971c (webtiles) character file.

Game seed: 8141443402522904405, levelgen mode: deterministic

1164 Lugonue the Insei (level 8, -2/53 HPs)
             Began as a Demonspawn Venom Mage on May 27, 2020.
             Was a Follower of Makhleb.
             Killed by divine providence
             ... invoked by an orc priest
              (17 damage)
             ... on level 6 of the Dungeon.
             The game lasted 00:12:50 (7029 turns).

Lugonue the Insei (Demonspawn Venom Mage)           Turns: 7029, Time: 00:12:51

Health: -2/53      AC: 11    Str: 11    XL:     8   Next: 17%
Magic:  2/14       EV: 12    Int: 17    God:    Makhleb [*.....]
Gold:   241        SH:  0    Dex: 13    Spells: 5/15 levels left

rFire    . . .     SeeInvis .     - Unarmed
rCold    . . .     Gourm    .   (no shield)
rNeg     . . .     Faith    .   t - +1 ring mail
rPois    +         Spirit   .   f - +2 helmet
rElec    .         Reflect  .   (no cloak)
rCorr    .         Harm     .   (gloves unavailable)
MR       +....                  d - +1 pair of boots
Stlth    ++........             q - amulet of regeneration
HPRegen  0.57/turn              n - ring of poison resistance
MPRegen  0.14/turn              r - ring of protection from magic

@: very slightly contaminated
A: claws 3, demonic guardian 1, sturdy frame 1
a: Renounce Religion


You were on level 6 of the Dungeon.
You worshipped Makhleb.
Makhleb was aware of your devotion.
You were hungry.

You visited 2 branches of the dungeon, and saw 7 of its levels.

You collected 241 gold pieces.

Inventory:

Armour
 a - a +0 robe
 d - a +1 pair of boots (worn)
 f - a +2 helmet (worn)
 t - a +1 ring mail (worn)
Jewellery
 b - an uncursed ring of fire
 h - an uncursed ring of wizardry {unknown}
 n - a ring of poison resistance (left claw)
 p - an uncursed ring of stealth
 q - an amulet of regeneration (around neck)
 r - a ring of protection from magic (right claw)
Wands
 l - a wand of iceblast (15)
 v - a wand of disintegration (17)
 x - a wand of flame (15)
Scrolls
 g - 3 scrolls of identify
 i - a scroll of enchant armour
 j - a scroll of fear
 s - a scroll of remove curse
 y - a scroll of amnesia {unknown}
 z - a scroll of magic mapping {unknown}
 B - a scroll of holy word {unknown}
Potions
 e - a potion of lignification
 m - 3 potions of flight
 o - a potion of curing
 u - 3 potions of heal wounds
 w - a potion of stabbing
 A - a potion of might {unknown}
Miscellaneous
 k - a phantom mirror
Comestibles
 c - 9 rations


   Skills:
 + Level 0.5 Fighting
 + Level 0.8 Armour
 + Level 3.4 Dodging
 + Level 3.0 Stealth
 * Level 5.8 Unarmed Combat
 + Level 4.0 Spellcasting
 + Level 1.2 Transmutations
 + Level 1.3 Air Magic
 + Level 4.3 Poison Magic


You had 5 spell levels left.
You knew the following spells:

 Your Spells              Type           Power        Failure   Level  Hunger
a - Sting                 Tmut/Pois      ##..         8%          1    None
b - Poisonous Vapours     Pois/Air       ##....       12%         2    ##.....
c - Olgreb's Toxic Radia  Pois           ###.....     38%         4    ####...
d - Ignite Poison         Fire/Tmut/Pois #.......     34%         3    ###....

Your spell library contained the following spells:

 Spells                   Type           Power        Failure   Level  Hunger
 Mephitic Cloud           Conj/Pois/Air  #.......     32%         3    ###....


Dungeon Overview and Level Annotations

Branches:
Dungeon (6/15)             Temple (1/1) D:5

Altars:
Ashenzari
Cheibriados
Dithmenos
Elyvilon
Hepliaklqana
Makhleb
Nemelex Xobeh
Okawaru
Qazlal
Sif Muna
Trog
Uskayaw
Vehumet
Yredelemnul
Zin
The Shining One

Annotations:
D:4 3 runed translucent doors, Thantalas's ghost, amateur DrCj
D:5 4 runed translucent doors


Innate Abilities, Weirdness & Mutations

You have claws for hands.
A weak demonic guardian rushes to your aid.
Your movements are slightly less encumbered by armour. (ER -2)


Message History

Aim: an orc warrior, wielding a +0 long sword, wearing a +0 chain mail and wearing a +0 kite shield (heavily wounded, very poisoned)
The sting hits the orc warrior but does no damage.
The orc warrior looks even sicker.
The orc warrior is heavily wounded.
Your shadow imp hits the orc warrior but does no damage.
An orc comes into view. It is wielding a +0 club.
The orc warrior misses you.
Press: ? - help, v - describe, . - travel
Here: an orc warrior, wielding a +0 long sword, wearing a +0 chain mail and wearing a +0 kite shield (severely wounded, very poisoned)
An open door.
Unknown command.
The orc warrior blocks your shadow imp's attack.
The orc warrior hits your shadow imp with a +0 long sword.
Your shadow imp gestures at the orc warrior.
The orc warrior writhes in agony.
Your shadow imp barely misses the orc warrior.
The orc warrior hits your shadow imp with a +0 long sword.
The orc priest mumbles some strange prayers to Beogh against you.
Beogh smites you!
You die...

#.....## ##...##
##.## #.# .## #.# .#)
##'## ..## ##...##
.oo.. ##.....## #...
##.....@.## #..#
#........5####o..#.#.
+.........ozoooo.....
#.........####...#.##
##.......## #>##
##.....## ## ##...##
##+##


You could see an orc warrior (very poisoned), a wight, an orc priest and a
friendly shadow imp (summoned).

Vanquished Creatures
  2 ogres (D:4)
  A phantom (D:5)
  2 scorpions
  A bullfrog zombie (D:5)
  2 crimson imps (D:5)
  A jelly (D:6)
  2 orc wizards (D:4)
  A quasit (D:5)
  2 bullfrog skeletons
  2 orc priests (D:3)
  A gnoll shaman (D:4)
  An iguana (D:6)
  6 worker ants
  7 gnolls
  A howler monkey skeleton (D:4)
  6 adders
  A shadow imp (D:5)
  An ooze (D:2)
  An adder skeleton (D:5)
  5 worms
  A dart slug (D:5)
  5 leopard geckos
  10 orcs
  5 giant cockroaches
  13 goblins
  8 hobgoblins
  12 jackals
  8 kobolds
  4 quokkas
  9 bats
  9 frilled lizards
  A jackal skeleton (D:4)
  2 quokka skeletons (D:5)
  6 rats
139 creatures vanquished.

Notes
Turn   | Place    | Note
-------+----------+-------------------------------------------
     0 | D:1      | Lugonue the Demonspawn Venom Mage began the quest for the
                  | Orb.
     0 | D:1      | Reached XP level 1. HP: 13/13 MP: 3/3
   548 | D:1      | Gained mutation: You have sharp fingernails. [demonic
                  | ancestry]
   548 | D:1      | Reached XP level 2. HP: 2/19 MP: 0/5
  1875 | D:2      | Reached XP level 3. HP: 10/24 MP: 0/6
  2104 | D:2      | Learned a level 2 spell: Poisonous Vapours
  2108 | D:2      | Reached skill level 1 in Unarmed Combat
  2108 | D:2      | Reached skill level 1 in Transmutations
  2523 | D:2      | Found a hide-covered altar of Uskayaw.
  2551 | D:2      | Gained mutation: You have very sharp fingernails. [demonic
                  | ancestry]
  2551 | D:2      | Reached XP level 4. HP: 24/30 MP: 0/7
  2815 | D:2      | Found a snail-covered altar of Cheibriados.
  2985 | D:2      | Reached skill level 2 in Unarmed Combat
  3272 | D:2      | Learned a level 4 spell: Olgreb's Toxic Radiance
  3678 | D:3      | Reached XP level 5. HP: 17/35 MP: 4/8
  4701 | D:4      | Gained mutation: You have claws for hands. [demonic
                  | ancestry]
  4701 | D:4      | Reached XP level 6. HP: 42/42 MP: 6/10
  4787 | D:4      | Reached skill level 3 in Unarmed Combat
  5186 | D:4      | Noticed Thantalas's ghost (amateur DrCj)
  5187 | D:4      | Found a runed translucent gate.
  5187 | D:4      | Found a runed translucent gate.
  5187 | D:4      | Found a runed translucent gate.
  5195 | D:4      | Reached skill level 1 in Air Magic
  5327 | D:4      | Gained mutation: Your movements are slightly less
                  | encumbered by armour. (ER -2) [demonic ancestry]
  5327 | D:4      | Reached XP level 7. HP: 37/47 MP: 6/12
  5503 | D:4      | Reached skill level 4 in Unarmed Combat
  5792 | D:5      | Entered Level 5 of the Dungeon
  5874 | D:5      | Found a staircase to the Ecumenical Temple.
  5886 | Temple   | Entered the Ecumenical Temple
  5989 | Temple   | Became a worshipper of Makhleb the Destroyer
  6112 | D:5      | Found a large runed translucent door.
  6112 | D:5      | Found a large runed translucent door.
  6234 | D:5      | Found a large runed translucent door.
  6234 | D:5      | Found a large runed translucent door.
  6236 | D:5      | Noticed a wyvern
  6236 | D:5      | Noticed a wraith
  6293 | D:5      | Reached skill level 5 in Unarmed Combat
  6651 | D:5      | Gained mutation: A weak demonic guardian rushes to your
                  | aid. [demonic ancestry]
  6651 | D:5      | Reached XP level 8. HP: 53/53 MP: 14/14
  6816 | D:6      | Reached * piety under Makhleb
  6821 | D:6      | Learned a level 3 spell: Ignite Poison
  7029 | D:6      | Killed from afar by an orc priest

Illustrated notes

Levels and vault maps discovered:
D:1:      dpeg_arrival_connections, layout_loops_ring, serial_glass,
          glass_columns_c, glass_columns_a, chequers_serial_rivers_room_b
D:2:      layout_basic, eat_drink_and_be_merry_uskayaw, cheibriados_altar_1
D:3:      layout_rooms, grunt_decor_clamped, nrook_mini_backslash
D:4:      layout_basic, ebering_ghost_rock_garden
D:5:      layout_loops_ring, minmay_temple_entry_slanted, first_ration,
          minmay_hollow_rounded_squares
D:6:      layout_loops_corners, sword_in_stone
Temple:   kilobyte_greek_temple

Skill      XL: |  1  2  3  4  5  6  7  8 |
---------------+-------------------------+-----
Dodging        | 2 3 |  3.4
Stealth        | 2 3 |  3.0
Unarmed Combat | 1 2 3 5 |  5.8
Transmutations | 1 |  1.2
Spellcasting   | 3 4 |  4.0
Air Magic      | 1 |  1.3
Poison Magic   | 4 |  4.3
Fighting       | |  0.5
Armour         | |  0.8

Action                   |  1- 3 |  4- 6 |  7- 9 || total
-------------------------+-------+-------+-------++-------
Melee: Unarmed           |   129 |   224 |   146 ||   499
       Punch             |       |     2 |     1 ||     3
 Cast: Sting             |    18 |    21 |     4 ||    43
       Poisonous Vapours |     5 |    26 |    11 ||    42
       Olgreb's Toxic Ra |       |     2 |     1 ||     3
  Use: Potion            |     2 |     1 |       ||     3
       Scroll            |     2 |       |    10 ||    12
 Stab: Sleeping          |     2 |     5 |     2 ||     9
  Eat: Chunk             |     5 |    11 |     7 ||    23
Armor: Robe              |    50 |    60 |       ||   110
       Skin              |       |    16 |       ||    16
       Ring mail         |       |       |    65 ||    65
Dodge: Dodged            |   111 |   150 |    80 ||   341

Table legend:
 A = Non-vault XP
 B = Vault XP
 C = Vault XP percentage of total XP
 D = Non-vault monster count
 E = Vault monster count
 F = Vault count percentage of total count
                 A         B        C        D         E       F
            +---------+---------+-------+---------+---------+-------
      Total |    1542 |     122 |   7.3 |     132 |       7 |   5.0
            +---------+---------+-------+---------+---------+-------
        D:1 |      31 |       0 |   0.0 |      17 |       0 |   0.0
        D:2 |     152 |       0 |   0.0 |      39 |       0 |   0.0
        D:3 |     145 |       0 |   0.0 |      26 |       0 |   0.0
        D:4 |     628 |       0 |   0.0 |      28 |       0 |   0.0
        D:5 |     397 |     122 |  23.5 |      16 |       7 |  30.4
        D:6 |     189 |       0 |   0.0 |       6 |       0 |   0.0
            +---------+---------+-------+---------+---------+-------
